 Dungeon Crawl Stone Soup version 0.27-a0-1202-ge72e49191c (webtiles) character file.

Game seed: 9056905174430066578

1075 robertstho the Grappler (level 8, -4/117 HPs)
             Began as a Troll Berserker on June 2, 2021.
             Was a Priest of Trog.
             Slain by a gnoll
             ... wielding a +0 flail
              (7 damage)
             ... on level 6 of the Dungeon.
             The game lasted 00:04:48 (4015 turns).

robertstho the Grappler (Troll Berserker)           Turns: 4015, Time: 00:04:50

Health: -4/117     AC:  4    Str: 26    XL:     8   Next: 8%
Magic:  7/7        EV: 10    Int:  5    God:    Trog [***...]
Gold:   256        SH:  0    Dex:  9    Spells: 7/7 levels left

rFire    . . .     SeeInvis .     - Unarmed
rCold    . . .     Faith    .   (no shield)
rNeg     . . .     Spirit   .   a - +0 animal skin
rPois    .         Reflect  .   (helmet restricted)
rElec    .         Harm     .   (no cloak)
rCorr    .         Rampage  .   (gloves unavailable)
Will     .....                  (boots unavailable)
Stlth    ..........             (no amulet)
HPRegen  1.29/turn              (no ring)
MPRegen  0.10/turn              (no ring)

@: berserking (expiring), lit by a corona, glowing, very quick
A: large, unfitting armour, claws 3, regeneration 1, shaggy fur 1, tough skin 1
a: Renounce Religion, Berserk, Trog's Hand


You were on level 6 of the Dungeon.
You worshipped Trog.
Trog was most pleased with you.
You visited 1 branch of the dungeon, and saw 6 of its levels.

You collected 256 gold pieces.

Inventory:

Armour
 a - a +0 animal skin (worn)
Scrolls
 d - 3 scrolls of enchant weapon
 e - a scroll of amnesia {unknown}
 i - 4 scrolls of identify {unknown}
 k - 3 scrolls of magic mapping {unknown}
 l - 3 scrolls of vulnerability {unknown}
 n - 2 scrolls of blinking {unknown}
 o - a scroll of brand weapon
 r - 2 scrolls of enchant armour {unknown}
 s - 3 scrolls of teleportation
 t - a scroll of fog {unknown}
Potions
 b - a potion of resistance {unknown}
 c - a potion of might {unknown}
 f - 2 potions of ambrosia {unknown}
 g - 2 potions of heal wounds {unknown}
 h - 3 potions of curing {unknown}
 j - 2 potions of brilliance {unknown}
 m - a potion of degeneration {unknown}
 p - a potion of berserk rage {unknown}
 q - a potion of haste {unknown}
 u - 2 potions of lignification {unknown}


   Skills:
 * Level 4.0 Fighting
 + Level 3.6 Dodging
 + Level 1.0 Stealth
 * Level 8.2 Unarmed Combat


You had 7 spell levels left.
You didn't know any spells.
Your spell library was empty.

Dungeon Overview and Level Annotations

Branches:
Dungeon (6/15)
 Temple: D:4-7

Altars:
Sif Muna

Shops:
D:2 =


Innate Abilities, Weirdness & Mutations

You are too large for most types of armour.
You have claws for hands.
Your natural rate of healing is unusually fast.
You are covered in fur. (AC +1)
You have tough skin. (AC +1)


Message History

Something shocks you.
You barely miss something.
The wyvern zombie bites you but does no damage.
You barely miss something. The gnoll barely misses you.
Something hits you but does no damage.
You closely miss something. The wyvern zombie misses you.
A gnoll comes into view. It is wielding a +0 flail.
The gnoll hits you from afar with a +0 halberd!
You barely miss something. Something hits you. Something shocks you.
You closely miss something. You miss something.
The gnoll hits you from afar with a +0 halberd.
Something hits you but does no damage.
You claw something! Your claw misses something. The gnoll closely misses you.
You barely miss something. Something hits you. Something shocks you.
* * * LOW HITPOINT WARNING * * *
The gnoll misses you. The gnoll completely misses you.
You scratch something.
The gnoll hits you from afar with a +0 halberd!
* * * LOW HITPOINT WARNING * * *
Something hits you but does no damage.
You barely miss something. The gnoll closely misses you. x2
You scratch something. The gnoll barely misses you. Something hits you.
* * * LOW HITPOINT WARNING * * *
Something shocks you.
* * * LOW HITPOINT WARNING * * *
The gnoll barely misses you.
You barely miss something. The gnoll hits you with a +0 flail.
* * * LOW HITPOINT WARNING * * *
The gnoll closely misses you. Something hits you.
* * * LOW HITPOINT WARNING * * *
Something shocks you.
* * * LOW HITPOINT WARNING * * *
You mangle something!! Trog accepts your kill.
Reactivating autopickup.
You feel a bit more experienced. The gnoll hits you with a +0 flail.
* * * LOW HITPOINT WARNING * * *
The gnoll hits you with a +0 flail!
You die...

#######. #.# .>......
#.########## #######.
#..........# #
##############.# ###
...# #.## #.. ##.##
#..## ...
#>#####...#########.#.##
#.#
.....ggg....>......###..
#.#
...Z#@..#########.#.##
#.# # ##.## ##.##
#<####..# #$# ###
........# #.# ######.##
#.# #.# #.# #.#


You could see 3 gnolls.

Vanquished Creatures
  3 ice beasts
  A black bear (D:5)
  A sky beast (D:6)
  A centaur (D:5)
  Blork the orc (D:4)
  2 scorpions
  2 hounds
  A jelly (D:5)
  An orc priest (D:4)
  A gnoll shaman (D:6)
  4 iguanas (D:5)
  An orc wizard (D:4)
  A hound skeleton (D:5)
  A howler monkey zombie (D:6)
  3 gnolls
  3 adders
  8 orcs
  7 endoplasms
  4 giant cockroaches
  5 goblins (D:1)
  5 hobgoblins
  10 jackals
  5 quokkas
  9 ball pythons
  4 bats
  A frilled lizard (D:1)
  4 kobolds
  8 rats
97 creatures vanquished.

Notes
Turn   | Place    | Note
-------+----------+-------------------------------------------
     0 | D:1      | robertstho the Troll Berserker began the quest for the Orb.
     0 | D:1      | Reached XP level 1. HP: 22/22 MP: 0/0
   140 | D:1      | Reached XP level 2. HP: 29/29 MP: 1/1
   427 | D:1      | Reached XP level 3. HP: 35/36 MP: 2/2
   438 | D:1      | Reached ** piety under Trog
  1256 | D:2      | Found Pisus's Jewellery Boutique.
  1556 | D:3      | Reached skill level 4 in Unarmed Combat
  1645 | D:3      | Reached XP level 4. HP: 45/45 MP: 3/3
  1781 | D:3      | Found a faded altar of an unknown god.
  2241 | D:3      | Found a shimmering blue altar of Sif Muna.
  2595 | D:4      | Reached XP level 5. HP: 44/53 MP: 4/4
  2816 | D:4      | Reached *** piety under Trog
  2817 | D:4      | Reached skill level 5 in Unarmed Combat
  2840 | D:4      | Noticed Blork the orc
  2844 | D:4      | Killed Blork the orc
  3008 | D:5      | Entered Level 5 of the Dungeon
  3008 | D:5      | Noticed a centaur
  3017 | D:5      | Killed a centaur
  3018 | D:5      | Reached XP level 6. HP: 55/61 MP: 5/5
  3029 | D:5      | Reached skill level 6 in Unarmed Combat
  3223 | D:5      | Noticed an ice beast
  3229 | D:5      | Killed an ice beast
  3316 | D:5      | Reached XP level 7. HP: 50/67 MP: 6/6
  3412 | D:5      | Reached skill level 7 in Unarmed Combat
  3880 | D:6      | Reached skill level 1 in Stealth
  3880 | D:6      | Reached skill level 8 in Unarmed Combat
  3905 | D:6      | Reached XP level 8. HP: 55/78 MP: 7/7
  4014 | D:6      | HP: 4/117 [something (5)]
  4015 | D:6      | Slain by a gnoll

Illustrated notes

Levels and vault maps discovered:
D:1:      minmay_arrival_floating_metal, layout_basic, minivault_23
D:2:      layout_basic, serial_shops, nicolae_shop_crystal,
          kennysheep_decorative_pillar
D:3:      layout_loops_ring, led_sif_book, chequers_ecumenical_altar_grove
D:4:      layout_gridville, chequers_serial_rivers_micro_c,
          kennysheep_small_circle, uniq_blork_the_orc
D:5:      layout_gridville, feat_on_display
D:6:      layout_loops_ring, worldfamousw_hep_ancestral_shrine,
          minmay_temple_entry_overgrown, amcnicky_mini_pool_small

Skill      XL: |  1  2  3  4  5  6  7 |
---------------+----------------------+-----
Fighting       | 3 4 |  4.0
Unarmed Combat | 4 5 6 8 |  8.2
Dodging        | 3 |  3.6
Stealth        | 1 |  1.0

Action                   |  1- 3 |  4- 6 |  7- 9 || total
-------------------------+-------+-------+-------++-------
Melee: Unarmed           |   107 |    91 |    72 ||   270
       Punch             |     3 |     3 |     3 ||     9
Invok: Berserk           |     1 |     1 |     1 ||     3
  Use: Scroll            |     3 |       |       ||     3
 Stab: Sleeping          |       |     1 |       ||     1
Armor: Animal skin       |    43 |    34 |    16 ||    93
Dodge: Dodged            |    73 |    41 |    36 ||   150

Table legend: (Time is in decaauts)
 A = Elapsed time spent in this place.
 B = Non-inter-level travel time spent in this place.
 C = Inter-level travel time spent in this place.
 D = Time resting spent in this place.
 E = Time spent auto-exploring this place.
 F = Levels seen in this place.
 G = Mean time per level.
                   A        B        C        D        E       F      G
               +--------+--------+--------+--------+--------+-----+--------+
         Total |   4021 |   3823 |    198 |      0 |   3280 |   6 |  670.2 |
       Dungeon |   4021 |   3823 |    198 |      0 |   3280 |   6 |  670.2 |
               +--------+--------+--------+--------+--------+-----+--------+

Top non-repeatable levels by time:
     D:2: 866 daAuts
     D:5: 787 daAuts
     D:3: 763 daAuts
     D:4: 704 daAuts
     D:1: 697 daAuts
     D:6: 202 daAuts
